 Dungeon Crawl Stone Soup version 0.17-a0-1564-g7b572aa (webtiles) character file.

7006 urechis the Grappler (level 10, 0/96 HPs)
             Began as a Troll Monk on July 21, 2015.
             Was an Initiate of Ru.
             Slain by an orc
             ... wielding a +0 trident
              (4 damage)
             ... on level 11 of the Dungeon.
             The game lasted 00:19:25 (7817 turns).

urechis the Grappler (Troll Monk)                   Turns: 7817, Time: 00:19:25

Health: 0/96       AC: 14    Str: 24    XL:     10   Next: 82%
Magic:  0/9        EV:  9    Int:  6    God:    Ru [......]
Gold:   541        SH: 10    Dex: 12    Spells: 0 memorised, 9 levels left

rFire  . . .     SeeInvis .       - Unarmed
rCold  . . .     Clarity  .     g - +0 swamp dragon armour
rNeg   . . .     SustAt   .     x - +0 shield
rPois  +         Gourm    +     D - +2 hat
rElec  .         Spirit   +     (no cloak)
rCorr  .         Warding  .     (gloves unavailable)
rMut   .         Stasis   .     (boots unavailable)
MR     .....                    K - amulet of guardian spirit
Stlth  +.........               (no ring)
                                R - +1 ring of evasion

@: drained, not resistant to hostile enchantments, very unstealthy
A: unfitting armour, claws 3, fast metabolism 3, gourmand, regeneration 2,
shaggy fur 1, tough skin 2
a: Renounce Religion


You were on level 11 of the Dungeon.
You worshipped Ru.
Ru was noncommittal.
You were full.

You visited 2 branches of the dungeon, and saw 12 of its levels.

You collected 541 gold pieces.

Inventory:

Hand weapons
 a - a +6 blowgun
Missiles
 u - 44 poisoned needles
 y - 8 curare-tipped needles
 E - 12 tomahawks (quivered)
 I - a throwing net
 Q - 3 poisoned tomahawks
Armour
 g - a +0 swamp dragon armour (worn)
 x - a +0 shield (worn)
 D - a +2 hat (worn)
Jewellery
 K - an amulet of guardian spirit (around neck)
 O - an uncursed amulet of resist corrosion
 R - a +1 ring of evasion (left claw)
Scrolls
 e - 8 scrolls of remove curse
 h - a scroll of fear
 q - 5 scrolls of enchant armour
 B - 3 scrolls of magic mapping
 L - a scroll of blinking
Potions
 i - 9 potions of curing
 m - 3 potions of flight
 t - a potion of invisibility
 v - 2 potions of magic
 G - 2 potions of berserk rage
Comestibles
 b - 7 bread rations
 n - 21 fruits
 r - a slice of pizza
 w - 2 meat rations
 z - 2 beef jerkies
 S - 3 chunks of flesh


   Skills:
 * Level 5.3 Fighting
 - Level 8.0 Armour
 - Level 2.4 Dodging
 - Level 1.1 Stealth
 * Level 4.7 Shields
 + Level 11.5 Unarmed Combat


You had 9 spell levels left.
You didn't know any spells.

Dungeon Overview and Level Annotations

Branches:
Dungeon (11/15)            Temple (1/1) D:6            Lair (0/8) D:10
    Orc (0/4) D:9

Altars:
Ashenzari
Cheibriados
Dithmenos
Elyvilon
Fedhas
Gozag
Kikubaaqudgha
Makhleb
Nemelex Xobeh
Okawaru
Qazlal
Ru
Sif Muna
Trog
Vehumet
Xom
Yredelemnul
Zin
The Shining One

Shops:
D:9 *

Annotations:
D:11 Nergalle


Innate Abilities, Weirdness & Mutations

You are too large for most types of armour.
You have claws for hands.
Your metabolism is lightning-fast.
You like to eat raw meat.
You heal very quickly.
You are covered in fur (AC +1).
You have very tough skin (AC +2).


Message History

You scratch the yak.
The yak is severely wounded.
The troll bites you.
* * * LOW HITPOINT WARNING * * *
The troll claws you.
* * * LOW HITPOINT WARNING * * *
The troll claws you but does no damage. The yak gores you!
* * * LOW HITPOINT WARNING * * *
You barely miss the yak.
The yak is severely wounded.
The orc hits you but does no damage. x2
The troll closely misses you. The troll claws you.
* * * LOW HITPOINT WARNING * * *
The troll claws you.
* * * LOW HITPOINT WARNING * * *
You mangle the yak!!
You kill the yak!
You block the orc's attack.
The orc hits you from afar with a trident.
You die...

.# # .#. Y#. #####.# ####
.Y ........ .... .#
.####..# ###.o#####.# .#
#.# #....o@(...# .# #.#
#.###T###..#### .#####.#
#. #..#.. ....##.# #.
#..#.# ....##.# .# ..
#..#.## ....##.# #.# ._
#....(#
.......###..#######..#..#
....#..##...........##..#
....#...................#


You could see a troll and 2 orcs.

Vanquished Creatures
  A hill giant (D:10)
  Joseph (D:9)
  A wraith (D:10)
  Sigmund (D:2)
  A wyvern (D:10)
  A deep elf fighter (D:10)
  3 yaks (D:11)
  2 humans (D:11)
  4 sky beasts
  5 orc warriors
  A phantom (D:5)
  3 black bears
  An ogre (D:6)
  2 necrophages
  3 centaurs
  6 ice beasts
  2 crocodiles (D:10)
  4 giant frogs
  A big kobold (D:10)
  4 scorpions
  A quasit (D:11)
  2 centaur zombies
  A giant frog zombie (D:7)
  5 crimson imps
  5 iguanas
  A centaur skeleton (D:5)
  8 orc priests
  2 jellies
  7 orc wizards
  Jessica (D:2)
  3 hounds
  10 worker ants
  2 killer bee zombies
  2 hound zombies
  10 gnolls
  7 adders
  3 river rats (D:10)
  An adder skeleton (D:9)
  4 worms
  28 orcs
  23 bats
  A bat skeleton (D:4)
  8 giant cockroaches
  5 goblins
  18 hobgoblins
  3 quokkas
  A ball python (D:1)
  5 giant geckos
  A giant newt (D:4)
  11 jackals
  16 kobolds
  A quokka skeleton (D:3)
  19 rats
262 creatures vanquished.

Vanquished Creatures (others)
  A quokka (D:8)
1 creature vanquished.

Grand Total: 263 creatures vanquished

Notes
Turn   | Place    | Note
--------------------------------------------------------------
     0 | D:1      | urechis the Troll Monk began the quest for the Orb.
     0 | D:1      | Reached XP level 1. HP: 22/22 MP: 0/0
     3 | D:1      | Noticed an electric eel
     3 | D:1      | Noticed an electric eel
    78 | D:1      | You fall through a shaft!
    80 | D:2      | Reached XP level 2. HP: 29/29 MP: 1/1
   189 | D:2      | Noticed Jessica
   200 | D:2      | Killed Jessica
   200 | D:2      | Reached skill level 5 in Unarmed Combat
   200 | D:2      | Reached XP level 3. HP: 36/36 MP: 2/2
  1132 | D:2      | Reached XP level 4. HP: 39/44 MP: 3/3
  1150 | D:2      | Noticed Sigmund
  1160 | D:2      | Killed Sigmund
  1160 | D:2      | Reached skill level 6 in Unarmed Combat
  1160 | D:2      | Reached XP level 5. HP: 42/50 MP: 4/4
  1452 | D:3      | Noticed an ice beast
  1458 | D:3      | Killed an ice beast
  1458 | D:3      | Reached XP level 6. HP: 59/59 MP: 5/5
  1588 | D:3      | Noticed a sky beast
  1597 | D:3      | Killed a sky beast
  1598 | D:3      | Found a shattered altar of Ashenzari.
  1701 | D:3      | Found a faded altar to an unknown god.
  2262 | D:4      | Reached skill level 7 in Unarmed Combat
  2637 | D:4      | Reached XP level 7. HP: 66/66 MP: 6/6
  2846 | D:4      | Found a shimmering altar of Xom.
  2849 | D:4      | Found a stormy altar of Qazlal.
  2852 | D:4      | Found a basalt altar of Yredelemnul.
  2908 | D:5      | Entered Level 5 of the Dungeon
  3344 | D:5      | Reached skill level 8 in Unarmed Combat
  3381 | D:5      | Reached XP level 8. HP: 67/74 MP: 7/7
  3488 | D:5      | Reached skill level 5 in Armour
  3513 | D:6      | Found a stormy altar of Qazlal.
  3813 | D:6      | Reached skill level 9 in Unarmed Combat
  3929 | D:6      | Found a staircase to the Ecumenical Temple.
  3955 | Temple   | Entered the Ecumenical Temple
  4543 | D:7      | Reached XP level 9. HP: 75/80 MP: 8/8
  4694 | D:7      | Found a sacrificial altar of Ru.
  4859 | D:7      | Became a worshipper of Ru the Awakened
  4931 | D:8      | Found a white marble altar of Elyvilon.
  5028 | D:8      | Reached skill level 10 in Unarmed Combat
  5177 | D:8      | Found a blossoming altar of Fedhas.
  5326 | D:8      | Found a sparkling altar of Nemelex Xobeh.
  6310 | D:9      | Found Plog's General Store.
  6337 | D:9      | Noticed Joseph
  6348 | D:9      | Killed Joseph
  6348 | D:9      | Reached skill level 1 in Shields
  6348 | D:9      | Reached skill level 11 in Unarmed Combat
  6348 | D:9      | Reached XP level 10. HP: 81/87 MP: 9/9
  6491 | D:9      | Found a staircase to the Orcish Mines.
  6727 | D:9      | Found an ancient bone altar of Kikubaaqudgha.
  6802 | D:10     | Entered Level 10 of the Dungeon
  6970 | D:10     | Found a sparkling altar of Nemelex Xobeh.
  7279 | D:10     | Noticed a hill giant
  7287 | D:10     | Killed a hill giant
  7368 | D:10     | Found a staircase to the Lair.
  7630 | D:11     | Noticed Nergalle
  7773 | D:11     | Found an iron altar of Okawaru.
  7790 | D:11     | Reached skill level 5 in Fighting
  7816 | D:11     | HP: 4/96 [troll (1)]
  7817 | D:11     | Slain by an orc

Vault maps used:
D:1:      arrival_aquarium_b
D:2:      first_bread, minmay_bisected, uniq_jessica, uniq_sigmund
D:3:      cheibrodos_ashenzari_chains, ecumenical_altar_2
D:4:      grunt_temple_overflow_diamond
D:6:      minmay_temple_entry_crystal_x, nicolae_qazlal_style_of_elements
D:7:      nicolae_ru_awakened_eye
D:8:      elyvilon_altar_4, serial_glass, glass_columns_a, glass_columns_a,
          hangedman_tree_tricks, nemelex_lonely_heart_becter
D:9:      lemuel_coloured_pillars_altar, orc_0_dummy, serial_shops, shop,
          uniq_joseph
D:10:     grunt_lair_entry_elf_guard_hut, basic_altar, st_stairs_14,
          minmay_splitting_lines
D:11:     okawaru_humans, uniq_gastronok, uniq_nergalle
Temple:   temple_eino_lava_12

Action                   |  1- 3 |  4- 6 |  7- 9 | 10-12 || total
-------------------------+-------+-------+-------+-------++-------
Melee: Unarmed           |    77 |   129 |   405 |   263 ||   874
Invok: Reject Sacrifices |       |       |     1 |     1 ||     2
  Use: Scroll            |       |       |     2 |    26 ||    28
       Potion            |       |       |       |     1 ||     1
 Stab: Sleeping          |     1 |       |       |       ||     1
  Eat: Chunk             |    10 |    18 |    31 |    16 ||    75
